Map: Orbital Shipyard

Players

seitys - Winner!

  • Race: Zerg Zerg
  • League: Diamond

LilDicky

  • Race: Terran Terran
  • League: Diamond

VOD

http://www.twitch.tv/tumescentpie

Description

Time

  • Played on: Jan. 2, 2016, 3:25 p.m.
  • Length: 7:00
Show
View Real Time Build Order
Export as new Build Order

seitys Zerg - Winner!

Build Orders: Hatch First 

Get SALT Encoding   

  12  0:00  Drone  
  13  0:07  Drone  
  14  0:17  Overlord  
  14  0:35  Drone x3  
  17  0:46  Drone  
  18  0:55  Hatchery  
  17  0:58  Drone  
  18  1:07  Drone  
  19  1:16  Spawning Pool  
  18  1:18  Extractor  
  18  1:19  Drone  
  18  1:29  Drone  
  19  1:42  Hatchery  
  18  1:47  Drone  
  18  1:50  Drone  
  18  1:53  Extractor  
  19  2:02  Drone  
  19  2:04  Queen  
  22  2:15  Queen  
  24  2:18  Drone  
  25  2:25  Metabolic Boost  
  25  2:29  Drone  
  26  2:39  Drone  
  26  2:40  Drone  
  28  2:49  Pneumatized Carapace  
  28  2:52  Overlord  
  28  3:00  Zergling x4  
  28  3:02  Zergling x2  
  31  3:08  Overlord  
  31  3:10  Drone  
  32  3:13  Drone  
  32  3:16  Drone  
  34  3:25  Drone  
  34  3:26  Drone x2  
  37  3:31  Drone x2  
  39  3:37  Lair  
  39  3:42  Drone  
  40  3:51  Drone  
  40  3:52  Drone  
  40  3:53  Evolution Chamber  
  41  3:57  Evolution Chamber, Drone x2  
  41  3:59  Drone  
  43  4:04  Overlord  
  43  4:13  Extractor  
  43  4:14  Overlord x2  
  42  4:24  Zerg Ground Armor Level 1, Zerg Melee Weapons Level 1  
  42  4:26  Zergling x2  
  42  4:29  Zergling x4  
  45  4:36  Infestation Pit  
  45  4:37  Zergling x4  
  46  4:39  Zergling x2  
  46  4:40  Zergling x2  
  46  4:44  Zergling x2  
  46  4:45  Zergling x2  
  50  4:49  Zergling x2  
  50  4:50  Zergling x2  
  52  4:53  Zergling x4  
  52  4:56  Overseer  
  54  5:02  Drone x3  
  54  5:05  Extractor  
  54  5:06  Drone  
  57  5:13  Pathogen Glands  
  57  5:15  Spore Crawler  
  57  5:18  Spore Crawler  
  57  5:20  Drone  
  56  5:25  Spine Crawler  
  55  5:29  Spine Crawler  
  55  5:33  Drone x2  
  56  5:41  Overlord  
  56  5:42  Overlord  
  56  5:46  Drone  
  56  5:47  Drone  
  58  5:51  Infestor  
  60  5:58  Infestor  
  60  6:01  Infestor  
  64  6:06  Infestor  
  64  6:09  Infestor  
  68  6:12  Zergling x2  
  68  6:13  Zergling x2  
  68  6:17  Zergling x2  
  71  6:22  Zergling x6  
Show
View Real Time Build Order
Export as new Build Order

LilDicky Terran 

Build Orders: Command Center First (CC), MMM Bio 

Get SALT Encoding   

  12  0:01  SCV  
  13  0:13  SCV  
  14  0:19  Supply Depot  
  14  0:25  SCV  
  15  0:41  SCV  
  16  0:53  SCV  
  17  1:01  Command Center  
  17  1:14  Barracks  
  17  1:16  SCV  
  18  1:28  SCV, Refinery  
  19  1:40  SCV  
  20  1:57  SCV  
  21  2:01  Supply Depot  
  21  2:02  Marine  
  22  2:10  Orbital Command  
  22  2:12  Barracks, Orbital Command  
  22  2:20  Barracks Tech Lab  
  22  2:30  Barracks  
  22  2:35  SCV  
  22  2:36  Refinery  
  23  2:39  SCV  
  24  2:44  Stimpack  
  24  2:47  SCV  
  24  2:50  Marine  
  26  3:04  SCV, Barracks Tech Lab  
  27  3:11  Barracks, Marine  
  28  3:15  SCV  
  28  3:19  Barracks Reactor, Barracks  
  29  3:20  SCV  
  30  3:28  Marine  
  30  3:29  Combat Shields  
  30  3:30  Marine  
  32  3:36  SCV  
  32  3:40  Supply Depot  
  33  3:44  SCV  
  33  3:46  Factory, Marine  
  33  3:47  Refinery  
  33  3:48  Marine  
  36  4:01  Marine x2  
  38  4:02  Barracks Reactor  
  38  4:05  SCV  
  38  4:07  Barracks Reactor, Marine x2  
  41  4:12  SCV  
  41  4:15  Supply Depot  
  42  4:19  Marine x2  
  42  4:20  Supply Depot  
  44  4:25  Marine  
  44  4:30  Factory Reactor, Starport  
  45  4:32  Marauder  
  45  4:36  SCV x2  
  49  4:42  Marine x2  
  49  4:43  Marine  
  49  4:44  Marine  
  53  4:47  Marine  
  53  4:48  SCV, Marine  
  53  4:51  Marine  
  57  4:53  SCV, Marine  
  59  5:00  Marine  
  59  5:06  Supply Depot  
  60  5:13  Medivac x2  
  64  5:15  Marine, Marauder x2  
  64  5:20  Supply Depot, SCV  
  70  5:27  SCV, Marine  
  72  5:30  Supply Depot  
  72  5:32  Marine  
  73  5:36  Supply Depot, Marauder  
  73  5:38  Marine  
  73  5:39  Marine x2  
  78  5:53  Supply Depot, Marine x3  
  78  5:54  Marauder  
  78  5:56  Medivac  
  85  6:12  Widow Mine, Marine  
  85  6:13  Marauder  
  85  6:14  Marine  
  85  6:16  Marauder  
  85  6:17  Marine  
  85  6:18  Marine  
  88  6:34  Marauder, Marine x2  
Tags
 
Add a new tag
Caveats
  • Supply blocks, unpowered buildings, or Contaminate may cause inaccurate times.
  • Supply counts are checked every 10 seconds.